AoeStats
← Achilles

Arena

509931677Analyzed
4v4 RM · 3d ago on Sep 28, 2026· 47m 18s· 8 players
Game mode
Random Map
Map size
Large (8 player)
Population
200
Speed
Normal
Resources
Standard
Victory
Conquest
Starting age
Dark Age
Ending age
Imperial Age
RankedLock teamsTeams togetherTeam positionsShared explorationLock speedFull tech treeHidden civsTurbo modeCheats
Victory
Defeat
🇪🇪 Britons · Estonia
1029
+13
🇦🇷 Italians · Argentina
1020
+14
🇮🇳 Turks · India
998
+15
🇳🇱 Goths · Netherlands
989
+15
🇩🇪 Portuguese · Germany
1013
-17
🇩🇪 Ethiopians · Germany
994
-15
🇩🇪 Khmer · Germany
940
-13
🇩🇪 Spanish · Germany
922
-12
Mario
4:24 Loom
12:44 Feudal Age
13:09 Double-Bit Axe
16:11 Castle Age
15:24 Horse Collar
41:24 Pikeman
42:41 Squires
46:52 Imperial Age
44:59 Wheelbarrow
45:51 Man-at-Arms
46:36 Scale Mail Armor
46:46 Forging
46:41 Padded Archer Armor
46:56 Long Swordsman
47:58 Perfusion
Myrakaru
0:28 Loom
0:51 Loom
11:03 Feudal Age
11:51 Horse Collar
13:20 Double-Bit Axe
19:53 Castle Age
19:11 Fletching
20:56 Heavy Plow
21:02 Bodkin Arrow
23:20 Ballistics
23:58 Crossbowman
27:07 Wheelbarrow
33:05 Imperial Age
30:53 Hand Cart
30:44 Padded Archer Armor
33:52 Bracer
34:54 Chemistry
33:45 Arbalester
34:46 Leather Archer Armor
34:33 Scale Mail Armor
34:35 Squires
33:55 Pikeman
36:28 Ring Archer Armor
37:18 Chain Mail Armor
37:08 Scale Barding Armor
37:13 Halberdier
37:21 Halberdier
38:16 Stone Mining
38:16 Gold Mining
45:39 Yeomen
45:40 Conscription
[MLZ] Uzux99
11:26 Feudal Age
15:44 Castle Age
14:00 Loom
14:37 Double-Bit Axe
14:55 Horse Collar
16:52 Fletching
25:58 Gold Mining
30:41 Imperial Age
28:57 Murder Holes
30:03 Padded Archer Armor
33:20 Chemistry
32:41 Ballistics
33:26 Squires
33:12 Arson
36:02 Bodkin Arrow
36:23 Leather Archer Armor
38:11 Heavy Plow
39:08 Fortified Wall
39:56 Conscription
40:55 Wheelbarrow
40:06 Town Watch
41:27 Bow Saw
41:19 Bracer
42:32 Crop Rotation
45:21 Elite Genoese Crossbowman
46:21 Forging
46:43 Hand Cart
Owen Knight
11:16 Feudal Age
15:55 Castle Age
15:43 Double-Bit Axe
22:33 Horse Collar
26:21 Heavy Plow
26:34 Bow Saw
31:20 Bloodlines
31:10 Husbandry
36:24 Scale Barding Armor
36:30 Forging
43:20 Imperial Age
44:22 Elite Janissary
47:23 Two-Man Saw
47:12 Artillery
biernot
12:06 Feudal Age
13:12 Double-Bit Axe
16:00 Castle Age
15:43 Wheelbarrow
15:12 Horse Collar
15:39 Stone Mining
16:00 Loom
17:08 Bow Saw
17:21 Squires
24:02 Gold Mining
24:16 Crossbowman
27:31 Stone Shaft Mining
26:59 Heavy Plow
27:46 Fletching
27:57 Padded Archer Armor
29:13 Ballistics
29:12 Masonry
31:50 Gold Shaft Mining
34:27 Imperial Age
34:41 Imperial Age
34:17 Thumb Ring
34:45 Arbalester
38:04 Hand Cart
45:36 Two-Man Saw
Gentleman No. 7
12:14 Feudal Age
15:31 Castle Age
13:17 Loom
13:30 Double-Bit Axe
15:18 Horse Collar
19:48 Gold Mining
21:00 Bow Saw
20:45 Light Cavalry
22:33 Husbandry
24:06 Heavy Plow
25:25 Wheelbarrow
26:05 Forging
27:43 Hand Cart
32:12 Gold Shaft Mining
31:51 Bloodlines
34:47 Imperial Age
33:52 Scale Barding Armor
34:23 Iron Casting
36:10 Chain Barding Armor
36:51 Blast Furnace
36:13 Elite Skirmisher
38:01 Plate Barding Armor
38:01 Conscription
37:42 Double Crossbow
37:35 Elite Ballista Elephant
39:06 Hussar
39:59 Padded Archer Armor
39:50 Fletching
40:48 Crop Rotation
40:14 Town Watch
41:06 Elite Battle Elephant
43:07 Leather Archer Armor
42:49 Bodkin Arrow
46:28 Ballistics
Achilles
10:57 Feudal Age
9:12 Loom
12:33 Horse Collar
15:39 Castle Age
13:58 Double-Bit Axe
15:01 Stone Mining
15:07 Gold Mining
17:25 Fletching
27:13 Bow Saw
33:43 Stone Shaft Mining
33:17 Padded Archer Armor
33:12 Bodkin Arrow
41:57 Ballistics
Schnicker11
10:11 Loom
12:41 Feudal Age
13:25 Double-Bit Axe
13:52 Horse Collar
19:11 Castle Age
17:35 Gold Mining
18:16 Scale Barding Armor
18:24 Forging
20:17 Bloodlines
20:36 Chain Barding Armor
20:32 Stone Mining
23:13 Husbandry
26:56 Bow Saw
26:50 Heavy Plow
28:43 Wheelbarrow
31:56 Hand Cart
34:57 Imperial Age
34:09 Devotion
34:31 Ballistics
34:08 Murder Holes
36:04 Masonry
36:37 Cavalier
38:37 Conscription
39:04 Iron Casting
40:02 Elite Conquistador
40:20 Paladin
41:34 Elite Skirmisher
42:54 Fletching
43:40 Plate Barding Armor
42:51 Elite Skirmisher
43:54 Bodkin Arrow
44:00 Padded Archer Armor
Connection lost

Rejoining the realm…

Still unreachable

The connection could not be restored.

Session expired

The server has moved on; the page needs a fresh start.